 Dungeon Crawl Stone Soup version 0.18-a0-1702-gd20c6a5 (webtiles) character file.

51961 barb4r1an the Fencer (level 14, -1/118 HPs)
             Began as a Minotaur Berserker on Apr 7, 2016.
             Was the Champion of Trog.
             Slain by a cyclops (20 damage)
             ... on level 2 of the Orcish Mines.
             The game lasted 02:05:31 (17514 turns).

barb4r1an the Fencer (Minotaur Berserker)          Turns: 17514, Time: 02:05:31

Health: -1/118     AC: 19    Str: 23    XL:     14   Next: 25%
Magic:  13/13      EV: 16    Int:  4    God:    Trog [******]
Gold:   1229       SH: 13    Dex: 14    Spells: 0 memorised, 13 levels left

rFire  . . .     SeeInvis +     B - +9 falchion of Fohi {flame, rN++}
rCold  + . .     Gourm    .     O - +3 scale mail {rPois}
rNeg   + + .     Faith    .     H - +0 shield
rPois  +         Spirit   .     q - +0 hat
rElec  .         Dismiss  .     o - +2 cloak
rCorr  .         Reflect  .     M - -1 pair of gloves
SustAt .         Harm     .     T - +0 pair of boots
MR     +++..                    S - amulet of regeneration
Stlth  +.........               C - +4 ring of evasion
                                s - ring of see invisible

@: exhausted, regenerating, slowed, very slow, extremely resistant to hostile
enchantments, very unstealthy
A: retaliatory headbutt, horns 2, molten scales 1, thin skeletal structure 1,
cold resistance 1, frail 1, mutation resistance 1, weak 1
a: Berserk, Trog's Hand, Brothers in Arms, Burn Spellbooks, Renounce Religion


You were on level 2 of the Orcish Mines.
You worshipped Trog.
Trog was exalted by your worship.
You were hungry.

You visited 2 branches of the dungeon, and saw 17 of its levels.

You collected 1229 gold pieces.

Inventory:

Hand Weapons
 B - the +9 falchion of Fohi (weapon) {flame, rN++}
   (You found it on level 4 of the Dungeon)

   It has been specially enchanted to burn those struck by it, causing extra
   injury to most foes and up to half again as much damage against particularly
   susceptible opponents.
   Big, fiery blades are also staple armaments of hydra-hunters.
   It greatly protects you from negative energy.
 P - a +1 demon trident of venom
 Q - a +2 broad axe of electrocution
 R - a +9 scimitar of holy wrath
Armour
 o - a +2 cloak (worn)
 q - a +0 hat (worn)
 H - a +0 shield (worn)
 M - a -1 pair of gloves (worn)
 O - a +3 scale mail of poison resistance (worn)
 T - a +0 pair of boots (worn)
Jewellery
 n - an uncursed ring of positive energy
 s - a ring of see invisible (left hand)
 v - an uncursed ring of protection from magic
 C - a +4 ring of evasion (right hand)
 S - an amulet of regeneration (around neck)
Wands
 j - a wand of slowing (15/48)
 k - a wand of heal wounds (0/9)
 y - a wand of flame (10/48)
 Y - a wand of lightning (10/15)
Scrolls
 b - a scroll of remove curse
 c - 3 scrolls of recharging
 i - a scroll of identify
 w - 4 scrolls of enchant armour
 F - 2 scrolls of magic mapping
 K - a scroll of holy word
 V - 2 scrolls of teleportation
 W - 5 scrolls of immolation
Potions
 a - a potion of resistance
 d - a potion of berserk rage {unknown}
 e - 2 potions of cancellation
 f - a potion of might
 g - 4 potions of magic
 m - a potion of lignification {unknown}
 p - 4 potions of flight
 r - 3 potions of agility
 t - a potion of beneficial mutation {unknown}
 x - a potion of cure mutation {unknown}
 z - 2 potions of brilliance
 A - 2 potions of invisibility
 D - a potion of curing
 E - a potion of ambrosia {unknown}
 G - a potion of haste {unknown}
Miscellaneous
 h - a lamp of fire
 u - a fan of gales
Comestibles
 N - 5 bread rations


   Skills:
 * Level 14.2 Fighting
 * Level 17.5 Long Blades
 - Level 6.0 Axes
 * Level 12.7 Armour
 - Level 4.4 Dodging
 - Level 0.5 Stealth
 + Level 12.1 Shields
 + Level 0.5 Evocations


You had 13 spell levels left.
You didn't know any spells.

Dungeon Overview and Level Annotations

Branches:
Dungeon (15/15)            Temple (0/1) D:6            Lair (0/8) D:10
    Orc (2/2) D:12            Elf (0/3) Orc:2        Vaults (0/5) D:14
 Depths (0/5) D:15

Altars:
Ashenzari
Elyvilon
Kikubaaqudgha
Okawaru
Pakellas
Qazlal
Ru
Vehumet
Yredelemnul
Beogh

Shops:
D:9 =


Innate Abilities, Weirdness & Mutations

You reflexively headbutt those who attack you in melee.
You have a pair of horns on your head.
You are partially covered in molten scales (AC +1).
You have a somewhat thin skeletal structure (Dex +2, Stealth).
Your flesh is cold resistant.
You are frail (-10% HP).
You are somewhat resistant to further mutation.
You are weak. (Str -2)


Message History

The troll bites you.
* * * LOW HITPOINT WARNING * * *
The troll claws you but does no damage. The troll misses you.
The orc barely misses you. The ogre misses you. You block the cyclops's attack.
You slash the ogre! You burn the ogre.
You kill the ogre!
Trog accepts your kill. You block the ogre's attack. The troll bites you.
* * * LOW HITPOINT WARNING * * *
The troll misses you. The troll claws you.
* * * LOW HITPOINT WARNING * * *
The orc barely misses you. The ogre misses you. You furiously retaliate!
You headbutt the ogre!
Zapping:
k - a wand of heal wounds {zapped: 2} (will waste charges)
Press: ? - help, Shift-Dir - straight line, f - you Nothing appears to happen.
The ogre closely misses you. You furiously retaliate!
You headbutt the ogre! You block the troll's attack.
The troll barely misses you. The troll claws you but does no damage.
The orc barely misses you. You block the ogre's attack. The cyclops hits you!!
You die...

##.OO§§# ...## ##..OO§####..#.##
#.....(##....... #...#.#.....##.#
#.......T...##.## ##
#..........#....###.##
...#..........§.§....#
.............#.CoO..##
.............##§@§...#
.........#.....OOT..##
.............$..o§§##
.........#.#......#....
........##..............
................................#
.....................#...........
........#.......................#
...............................#


You could see a cyclops, a troll, 3 ogres and 2 orcs.

Vanquished Creatures
  Kirke (D:13)
  A hydra (D:11)
  5 centaur warriors
  2 dancing weapons (D:14)
  3 ogre magi
  Urug (D:10)
  4 slime creatures
  The ghost of barb4r1an the Cleaver, a novice MiBe of Trog (D:7)
  2 deep trolls (Orc:2)
  An unseen horror (D:14)
  5 hill giants
  2 wolf spider zombies (D:15)
  An orc knight (D:15)
  2 deep elf magi
  A necromancer (D:15)
  2 orc sorcerers (D:15)
  A hornet (shapeshifter) (D:15)
  A griffon (D:14)
  5 cyclopes
  10 ugly things
  3 centaur zombies
  5 centaur skeletons
  A naga mage (D:15)
  2 gargoyles
  3 kobold demonologists
  3 tengu conjurers
  8 trolls
  A wolf spider simulacrum (D:15)
  7 two-headed ogres
  A boulder beetle (D:13)
  A spriggan (D:8)
  A tarantella (shapeshifter) (D:14)
  3 vampires
  A wraith (D:10)
  A water elemental (D:13)
  4 shadows
  4 wyverns
  A basilisk (shapeshifter) (D:15)
  12 yaks
  Grum (D:11)
  A basilisk (D:15)
  2 hippogriffs
  10 vampire mosquitoes
  4 hungry ghosts
  3 hogs (D:13)
  Eustachio (D:6)
  4 wargs (D:13)
  A redback simulacrum (D:15)
  A mottled dragon (D:14)
  2 soldier ants
  2 hell hounds (D:10)
  A water moccasin (D:7)
  18 orc warriors
  An eye of draining (shapeshifter) (D:15)
  4 sky beasts
  3 ice beasts
  19 ogres
  A necrophage (D:7)
  4 phantoms
  2 wolves (D:11)
  11 centaurs
  2 crocodiles
  2 big kobolds
  Blork the orc (D:6)
  2 gnoll sergeants
  10 giant frogs
  A wyvern skeleton (D:12)
  6 scorpions
  10 killer bees
  7 wights
  3 howler monkeys (D:8)
  6 crimson imps
  6 jellies
  3 quasits
  17 orc priests
  5 hounds
  25 orc wizards
  13 worker ants
  5 iguanas
  A killer bee zombie (D:7)
  6 sheep (D:15)
  2 hound zombies
  2 mummies (D:7)
  4 worker ant zombies
  12 gnolls
  A howler monkey skeleton (D:7)
  16 adders
  A river rat (D:5)
  7 shadow imps
  3 oozes
  2 adder skeletons
  2 adder zombies
  A worm (D:2)
  4 dart slugs (D:1)
  3 giant geckos
  79 orcs
  10 giant cockroaches
  5 goblins
  10 hobgoblins
  18 jackals
  19 kobolds
  7 quokkas
  2 ball pythons
  3 bats
  A giant gecko skeleton (D:5)
  8 giant newts
  9 rats
  A withered plant (D:7)
572 creatures vanquished.

Vanquished Creatures (others)
  A sphinx (D:11)
  A troll (Orc:2)
  2 humans
  A centaur (D:10)
  An orc (D:8)
  A bush (D:11)
7 creatures vanquished.

Grand Total: 579 creatures vanquished

Notes
Turn   | Place    | Note
--------------------------------------------------------------
     0 | D:1      | barb4r1an the Minotaur Berserker began the quest for the Orb.
     0 | D:1      | Reached XP level 1. HP: 19/19 MP: 0/0
   124 | D:1      | Reached XP level 2. HP: 24/27 MP: 1/1
   755 | D:1      | Reached ** piety under Trog
   755 | D:1      | Reached XP level 3. HP: 33/33 MP: 2/2
  1120 | D:2      | Reached XP level 4. HP: 35/41 MP: 3/3
  1156 | D:2      | Found an ancient bone altar of Kikubaaqudgha.
  1157 | D:2      | Found a radiant altar of Vehumet.
  1158 | D:2      | Found a white marble altar of Elyvilon.
  1252 | D:2      | Found a stormy altar of Qazlal.
  1292 | D:2      | Found a shattered altar of Ashenzari.
  1362 | D:2      | Reached skill level 5 in Axes
  1647 | D:2      | Reached XP level 5. HP: 30/47 MP: 4/4
  1995 | D:3      | Reached *** piety under Trog
  2245 | D:3      | Found a faded altar to an unknown god.
  2677 | D:3      | You fall through a shaft for 2 floors!
  2677 | D:5      | Entered Level 5 of the Dungeon
  2689 | D:5      | Reached XP level 6. HP: 55/55 MP: 5/5
  2815 | D:3      | Found an ancient bone altar of Kikubaaqudgha.
  2823 | D:3      | Reached **** piety under Trog
  2826 | D:3      | Noticed a human
  2829 | D:3      | Killed a human
  3508 | D:4      | Got a scorched falchion
  3509 | D:4      | Identified the +9 falchion of Fohi {flame, rN++} (You found it on level 4 of the Dungeon)
  3606 | D:4      | Reached skill level 5 in Fighting
  3678 | D:4      | Reached skill level 1 in Long Blades
  4203 | D:5      | Reached skill level 2 in Long Blades
  4298 | D:5      | Reached XP level 7. HP: 61/61 MP: 6/6
  4475 | D:6      | Found a staircase to the Ecumenical Temple.
  4510 | D:6      | Noticed Eustachio
  4512 | D:6      | Reached skill level 3 in Long Blades
  4516 | D:6      | Killed Eustachio
  4516 | D:6      | Reached skill level 4 in Long Blades
  4647 | D:6      | Reached skill level 5 in Long Blades
  4681 | D:6      | Reached skill level 5 in Armour
  4762 | D:6      | Found a radiant altar of Vehumet.
  4765 | D:6      | Reached skill level 6 in Long Blades
  4765 | D:6      | Reached XP level 8. HP: 70/70 MP: 7/7
  4840 | D:6      | Noticed Blork the orc
  4849 | D:6      | Killed Blork the orc
  4849 | D:6      | Reached ***** piety under Trog
  5167 | D:6      | Reached skill level 7 in Long Blades
  5306 | D:7      | Found an iron altar of Okawaru.
  5316 | D:7      | Reached skill level 1 in Shields
  5390 | D:7      | Noticed barb4r1an's ghost (novice MiBe)
  5400 | D:7      | Killed barb4r1an's ghost
  5400 | D:7      | Reached skill level 8 in Long Blades
  5400 | D:7      | Reached XP level 9. HP: 79/79 MP: 8/8
  5588 | D:7      | Reached skill level 9 in Long Blades
  5600 | D:7      | Found a basalt altar of Yredelemnul.
  6871 | D:8      | Reached skill level 10 in Long Blades
  6879 | D:8      | Reached skill level 5 in Shields
  7037 | D:8      | Reached XP level 10. HP: 88/88 MP: 9/9
  7284 | D:9      | Found a sacrificial altar of Ru.
  7292 | D:9      | Found Yfehicw's Jewellery Boutique.
  7979 | D:10     | Entered Level 10 of the Dungeon
  7989 | D:10     | Reached skill level 11 in Long Blades
  7992 | D:10     | Noticed a hill giant
  8019 | D:9      | Killed a hill giant
  8490 | D:10     | Noticed Urug
  8508 | D:10     | Killed Urug
  8762 | D:10     | Found a staircase to the Lair.
  8995 | D:10     | Noticed a hill giant
  9003 | D:10     | Killed a hill giant
  9003 | D:10     | Reached XP level 11. HP: 99/99 MP: 10/10
  9098 | D:10     | Reached skill level 12 in Long Blades
  9169 | D:11     | Reached skill level 10 in Fighting
  9215 | D:11     | Noticed Grum
  9252 | D:11     | Killed Grum
  9419 | D:11     | Noticed a five-headed hydra
  9424 | D:11     | Killed a two-headed hydra
  9792 | D:11     | Found an oddly glowing altar of Pakellas.
  9793 | D:11     | Noticed a sphinx
  9807 | D:11     | Killed a sphinx
  9825 | D:11     | Received a gift from Trog
 10033 | D:11     | Noticed a white ugly thing
 10048 | D:11     | Killed a white ugly thing
 10048 | D:11     | Reached skill level 13 in Long Blades
 10561 | D:11     | Noticed a deep elf mage
 10578 | D:11     | Killed a deep elf mage
 10805 | D:12     | Found a shattered altar of Ashenzari.
 10805 | D:12     | Noticed a cyan ugly thing
 10819 | D:11     | Killed a cyan ugly thing
 10822 | D:11     | Reached skill level 10 in Armour
 11147 | D:12     | Noticed a centaur warrior
 11147 | D:12     | Found a roughly hewn altar of Beogh.
 11167 | D:12     | Killed a centaur warrior
 11187 | D:12     | Reached XP level 12. HP: 44/110 MP: 11/11
 11275 | D:12     | Found a staircase to the Orcish Mines.
 11328 | D:12     | Received a gift from Trog
 11627 | D:12     | Reached skill level 14 in Long Blades
 12481 | D:13     | Noticed a centaur warrior
 12489 | D:13     | Killed a centaur warrior
 12644 | D:13     | Noticed Kirke
 12665 | D:13     | Killed Kirke
 12708 | D:13     | Reached skill level 10 in Shields
 12981 | D:13     | Found a radiant altar of Vehumet.
 13014 | D:13     | Gained mutation: You are frail (-10% HP). [potion of mutation]
 13014 | D:13     | Gained mutation: You have a somewhat thin skeletal structure (Dex +2, Stealth). [potion of mutation]
 13014 | D:13     | Gained mutation: You are partially covered in molten scales (AC +1). [potion of mutation]
 13015 | D:13     | Gained mutation: Your flesh is cold resistant. [potion of mutation]
 13015 | D:13     | Gained mutation: You are weak. (Str -2) [potion of mutation]
 13015 | D:13     | Gained mutation: You are somewhat resistant to further mutation. [potion of mutation]
 13027 | D:13     | Reached skill level 15 in Long Blades
 13273 | D:13     | Reached ****** piety under Trog
 13669 | D:14     | Received a gift from Trog
 13963 | D:14     | Noticed a centaur warrior
 13977 | D:14     | Killed a centaur warrior
 14007 | D:14     | Found a labyrinth entrance.
 14012 | D:14     | Reached XP level 13. HP: 58/107 MP: 12/12
 14326 | D:14     | Found a gate to the Vaults.
 14617 | D:14     | Reached skill level 16 in Long Blades
 15251 | D:15     | Entered Level 15 of the Dungeon
 15464 | D:15     | Found a staircase to the Depths.
 15580 | D:15     | Received a gift from Trog
 15910 | D:15     | Reached skill level 17 in Long Blades
 16089 | D:15     | Received a gift from Trog
 16638 | D:15     | Reached XP level 14. HP: 117/117 MP: 13/13
 16957 | Orc:1    | Entered Level 1 of the Orcish Mines
 16963 | Orc:1    | Noticed an orc warlord
 17170 | Orc:2    | Entered Level 2 of the Orcish Mines
 17351 | Orc:2    | Found a staircase to the Elven Halls.
 17514 | Orc:2    | Slain by a cyclops

Vault maps used:
D:1:      sevenhm_arrival_forest_fort_large_2, minmay_liquid_box
D:2:      nicolae_ashenzari_panopticon, grunt_temple_overflow_open, first_bread,
          grunt_qazlal_clouds
D:3:      ecumenical_altar_1, serial_curves, eino_curves_02, eino_curves_02,
          minmay_strange_pillars, hangedman_glass_teeth, tgw_kikubaaqudgha
D:5:      portal_sewer_entry_a
D:6:      temple_statues, minmay_holes, kennysheep_nub, vehumet_altar_wand_db,
          uniq_blork_the_orc, uniq_eustachio
D:7:      overflow_temple_1_default, nicolae_overflow_hidden_temple,
          serial_undead, serial_undead_c, serial_undead_a, serial_undead_f,
          serial_undead_e
D:8:      the_bakery
D:9:      nicolae_ru_awakened_eye, serial_shops, shop
D:10:     minmay_lair_entry_lava, uniq_urug
D:11:     gammafunk_pakellas_spire_experiment, uniq_grum
D:12:     david_orc_5, basic_altar
D:13:     basic_altar, nooodl_orcs_dogs, uniq_kirke
D:14:     erik_vaults_1, lab_entry_generic
D:15:     grunt_enter_depths_magical_seal, serial_park_tiny_pond
Orc:2:    st_orc_open, basic_altar

Skill      XL: |  1  2  3  4  5  6  7  8  9 10 11 12 13 14 |
---------------+-------------------------------------------+-----
Axes           | 4 5 6 |  6.0
Fighting       | 4 5 6 7 8 9 11 12 13 14 | 14.2
Armour         | 3 4 5 7 9 10 11 12 | 12.7
Dodging        | 3 4 |  4.4
Long Blades    | 2 6 8 10 11 13 15 17 | 17.5
Shields        | 2 5 7 9 10 11 12 | 12.1
Stealth        | |  0.5
Evocations     | |  0.5

Action                   |  1- 3 |  4- 6 |  7- 9 | 10-12 | 13-15 || total
-------------------------+-------+-------+-------+-------+-------++-------
Melee: Hand axe          |    74 |   199 |       |       |       ||   273
       Falchion          |       |    39 |   243 |   249 |   412 ||   943
       Scimitar          |       |       |       |   429 |       ||   429
Invok: Berserk           |       |     1 |     3 |     9 |     8 ||    21
       Burn Spellbooks   |       |     1 |     1 |     1 |       ||     3
       Trog's Hand       |       |       |       |       |     4 ||     4
Evoke: Wand              |       |       |       |     2 |     1 ||     3
  Use: Scroll            |     6 |     9 |     4 |     9 |    11 ||    39
       Potion            |       |       |       |     7 |     7 ||    14
  Eat: Bread ration      |       |     3 |     1 |       |       ||     4
       Meat ration       |       |       |     1 |     7 |     2 ||    10
       Pizza             |       |       |     1 |     1 |     1 ||     3
       Beef jerky        |       |       |       |       |     3 ||     3
